 Dungeon Crawl Stone Soup version 0.29-a0-575-g0dc89cf053 (webtiles) character file.

Game seed: 10680031097802972264

277 DocClef the Covert (level 6, -1/53 HPs)
             Began as a Gnoll Delver on June 12, 2022.
             Slain by Ijyb
             ... wielding a +0 dagger
              (4 damage)
             ... on level 5 of the Dungeon.
             The game lasted 00:01:52 (436 turns).

DocClef the Covert (Gnoll Delver)                    Turns: 436, Time: 00:01:52

Health: -1/53      AC:  5    Str: 11    XL:     6   Next: 26%
Magic:  8/8        EV: 13    Int: 10    God:
Gold:   0          SH:  0    Dex: 15    Spells: 8/8 levels left

rFire   . . .      SeeInvis .   a - +0 short sword
rCold   . . .      Faith    .   (no shield)
rNeg    . . .      Spirit   .   b - +0 leather armour
rPois   .          Reflect  .   (no helmet)
rElec   .          Harm     .   (no cloak)
rCorr   .          Rampage  .   k - +1 Delatra's gloves {ID++}
Will    .....                   (no boots)
Stlth   ++++......              (no amulet)
HPRegen 0.17/turn               (no ring)
MPRegen 0.11/turn               (no ring)

@: hasted, very quick
A: fangs 1, strong nose, distributed training
a: no special abilities


You were on level 5 of the Dungeon.
You visited 1 branch of the dungeon, and saw 1 of its levels.

Inventory:

Hand Weapons
 a - a +0 short sword (weapon)
Armour
 b - a +0 leather armour (worn)
 k - the +1 Delatra's gloves (worn) {ID++}
   (You found it on level 5 of the Dungeon)

   It heals its wearer when they drink unknown potions.
   It restores its wearer's MP when they read unknown scrolls.
Wands
 g - a wand of digging (3)
Scrolls
 c - a scroll of fog
 d - a scroll of magic mapping
 e - a scroll of fear
 h - a scroll of identify {unknown}
 i - a scroll of amnesia {unknown}
 j - a scroll of summoning {unknown}


   Skills:
 + Level 6.8 Fighting
 + Level 4.9 Short Blades
 + Level 1.9 Long Blades
 + Level 1.9 Axes
 + Level 1.9 Maces & Flails
 + Level 1.9 Polearms
 + Level 1.9 Staves
 + Level 1.9 Slings
 + Level 1.9 Bows
 + Level 1.9 Crossbows
 + Level 1.9 Throwing
 + Level 1.9 Armour
 + Level 4.9 Dodging
 + Level 9.7 Stealth
 + Level 1.9 Shields
 + Level 1.9 Unarmed Combat
 + Level 1.9 Spellcasting
 + Level 1.5 Conjurations
 + Level 1.5 Hexes
 + Level 1.5 Summonings
 + Level 1.5 Necromancy
 + Level 1.5 Translocations
 + Level 1.5 Transmutations
 + Level 1.5 Fire Magic
 + Level 1.5 Ice Magic
 + Level 1.5 Air Magic
 + Level 1.5 Earth Magic
 + Level 1.5 Poison Magic
 + Level 2.1 Invocations
 + Level 1.9 Evocations


You had 8 spell levels left.
You didn't know any spells.
Your spell library was empty.

Dungeon Overview and Level Annotations

Branches:
Dungeon (5/15)
 Temple: D:4-7

Altars:

Annotations:
D:5 Ijyb


Innate Abilities, Weirdness & Mutations

You have very sharp teeth.
Your uncanny sense of smell can sniff out nearby items.
Your experience applies equally to all skills.


Message History

The adder bites you but does no damage.
You hit Ijyb. You bite Ijyb, but do no damage.
Ijyb is moderately wounded.
The adder bites you but does no damage. Ijyb misses you.
The adder bites you but does no damage.
You hit Ijyb but do no damage. You bite Ijyb, but do no damage.
Ijyb is moderately wounded.
Ijyb barely misses you. The adder bites you but does no damage.
You hit Ijyb but do no damage. You bite Ijyb, but do no damage.
Ijyb is moderately wounded.
Ijyb screams, "Me kill you!" Ijyb barely misses you. The adder bites you.
You hit Ijyb but do no damage. You bite Ijyb, but do no damage.
Ijyb is moderately wounded.
The adder bites you. Ijyb hits you with a +0 dagger.
You hit Ijyb but do no damage. Your punch misses Ijyb.
Ijyb is moderately wounded.
The adder closely misses you. Ijyb hits you with a +0 dagger.
* * * LOW HITPOINT WARNING * * *
You hit Ijyb. You bite Ijyb, but do no damage.
Ijyb is heavily wounded.
The adder barely misses you. Ijyb hits you with a +0 dagger.
* * * LOW HITPOINT WARNING * * *
You feel yourself speed up. The adder barely misses you.
Ijyb hits you but does no damage. The adder completely misses you.
You hit Ijyb.
Ijyb is heavily wounded.
You closely miss Ijyb. Your bite misses Ijyb.
Ijyb is heavily wounded.
The adder bites you.
* * * LOW HITPOINT WARNING * * *
Ijyb hits you with a +0 dagger.
* * * LOW HITPOINT WARNING * * *
You closely miss Ijyb. Your bite misses Ijyb.
Ijyb is heavily wounded.
The adder bites you but does no damage.
You hit Ijyb but do no damage. You bite Ijyb, but do no damage.
Ijyb is heavily wounded.
Ijyb hits you with a +0 dagger.
You die...

...............###.#...###
...............# #......######
................#####...##...#
.................# #........###
.................## ####..#....#
#.................#####..).....##
.................#.....[...#
......g.....##.........#
.....>S@.....#....##...#
.##..........)....######
##.....##....[.##
##.............##
#...#...##.....# #...#####......#
#...## ###.#### ..## ###


You could see Ijyb and an adder.

Vanquished Creatures
  A water moccasin (D:5)
  An ogre (D:5)
  Blork the orc (D:5)
  An iguana (D:5)
4 creatures vanquished.

Notes
Turn   | Place    | Note
-------+----------+-------------------------------------------
     0 | D:5      | Reached skill level 9 in Stealth
     0 | D:5      | DocClef the Gnoll Delver began the quest for the Orb.
     0 | D:5      | Reached XP level 1. HP: 23/23 MP: 1/1
     0 | D:5      | Noticed Blork the orc
     1 | D:5      | Noticed a water moccasin
     1 | D:5      | Found the +1 Delatra's gloves {ID++}
     3 | D:5      | Killed Blork the orc
     4 | D:5      | Reached skill level 1 in Long Blades
     4 | D:5      | Reached skill level 1 in Axes
     4 | D:5      | Reached skill level 1 in Maces & Flails
     4 | D:5      | Reached skill level 1 in Polearms
     4 | D:5      | Reached skill level 1 in Staves
     4 | D:5      | Reached skill level 1 in Slings
     4 | D:5      | Reached skill level 1 in Bows
     4 | D:5      | Reached skill level 1 in Crossbows
     4 | D:5      | Reached skill level 1 in Throwing
     4 | D:5      | Reached skill level 1 in Armour
     4 | D:5      | Reached skill level 1 in Shields
     4 | D:5      | Reached skill level 1 in Unarmed Combat
     4 | D:5      | Reached skill level 1 in Spellcasting
     4 | D:5      | Reached skill level 1 in Invocations
     4 | D:5      | Reached skill level 1 in Evocations
     4 | D:5      | Reached XP level 2. HP: 29/29 MP: 1/3
     4 | D:5      | Reached XP level 3. HP: 35/35 MP: 1/4
     4 | D:5      | Reached XP level 4. HP: 41/41 MP: 1/5
     9 | D:5      | Killed a water moccasin
    10 | D:5      | Reached skill level 1 in Conjurations
    10 | D:5      | Reached skill level 1 in Hexes
    10 | D:5      | Reached skill level 1 in Summonings
    10 | D:5      | Reached skill level 1 in Necromancy
    10 | D:5      | Reached skill level 1 in Translocations
    10 | D:5      | Reached skill level 1 in Transmutations
    10 | D:5      | Reached skill level 1 in Fire Magic
    10 | D:5      | Reached skill level 1 in Ice Magic
    10 | D:5      | Reached skill level 1 in Air Magic
    10 | D:5      | Reached skill level 1 in Earth Magic
    10 | D:5      | Reached skill level 1 in Poison Magic
    10 | D:5      | Reached XP level 5. HP: 47/47 MP: 1/7
   105 | D:5      | Noticed an ogre
   112 | D:5      | Killed an ogre
   113 | D:5      | Reached XP level 6. HP: 53/53 MP: 8/8
   409 | D:5      | Noticed Ijyb
   436 | D:5      | Slain by Ijyb

Illustrated notes

Levels and vault maps discovered:
D:5:      layout_cave_pools, nicolae_overflow_crystal_walls,
          uniq_crazy_yiuf_cottage, uniq_pikel, uniq_ijyb, uniq_blork_the_orc

Skill      XL: |  1  2  3  4  5 |
---------------+----------------+-----
Stealth        | |  9.7
Long Blades    | 1 |  1.9
Axes           | 1 |  1.9
Maces & Flails | 1 |  1.9
Polearms       | 1 |  1.9
Staves         | 1 |  1.9
Slings         | 1 |  1.9
Bows           | 1 |  1.9
Crossbows      | 1 |  1.9
Throwing       | 1 |  1.9
Armour         | 1 |  1.9
Shields        | 1 |  1.9
Unarmed Combat | 1 |  1.9
Spellcasting   | 1 |  1.9
Invocations    | 1 2 |  2.1
Evocations     | 1 |  1.9
Conjurations   | 1 |  1.5
Hexes          | 1 |  1.5
Summonings     | 1 |  1.5
Necromancy     | 1 |  1.5
Translocations | 1 |  1.5
Transmutations | 1 |  1.5
Fire Magic     | 1 |  1.5
Ice Magic      | 1 |  1.5
Air Magic      | 1 |  1.5
Earth Magic    | 1 |  1.5
Poison Magic   | 1 |  1.5
Fighting       | |  6.8
Short Blades   | |  4.9
Dodging        | |  4.9

Action                   |  1- 3 |  4- 6 || total
-------------------------+-------+-------++-------
Melee: Short sword       |     1 |    45 ||    46
       Bite              |       |    11 ||    11
  Use: Potion            |       |     2 ||     2
 Stab: Sleeping          |     1 |     2 ||     3
Armor: Leather armour    |       |     8 ||     8
Dodge: Dodged            |       |    21 ||    21

Table legend: (Time is in decaauts)
 A = Elapsed time spent in this place.
 B = Non-inter-level travel time spent in this place.
 C = Inter-level travel time spent in this place.
 D = Time resting spent in this place.
 E = Time spent auto-exploring this place.
 F = Levels seen in this place.
 G = Mean time per level.
                   A        B        C        D        E       F      G
               +--------+--------+--------+--------+--------+-----+--------+
         Total |    428 |    428 |      0 |    206 |    121 |   1 |  428.0 |
       Dungeon |    428 |    428 |      0 |    206 |    121 |   1 |  428.0 |
               +--------+--------+--------+--------+--------+-----+--------+

Top non-repeatable levels by time:
     D:5: 428 daAuts
